 Dungeon Crawl Stone Soup version 0.23-a0-119-ga86c9e7 (webtiles) character file.

4 Amnesiac the Gusty (level 1, -1/13 HPs)
             Began as a Mummy Air Elementalist on Aug 24, 2018.
             Slain by a kobold
             ... wielding a +1 vampiric dagger
              (3 damage)
             ... on level 1 of the Dungeon.
             The game lasted 00:01:57 (216 turns).

Amnesiac the Gusty (Mummy Air Elementalist)          Turns: 216, Time: 00:01:59

Health: -1/13      AC:  2    Str: 11    XL:     1   Next: 58%
Magic:  0/4        EV: 12    Int: 14    God:
Gold:   37         SH:  0    Dex: 12    Spells: 4/5 levels left

rFire    x . .     SeeInvis .   (no weapon)
rCold    + . .     Gourm    .   (no shield)
rNeg     + + +     Faith    .   a - +0 robe
rPois    ∞         Spirit   .   (no helmet)
rElec    .         Reflect  .   (no cloak)
rCorr    .         Harm     .   (no gloves)
MR       .....                  (no boots)
Stlth    ++........             (no amulet)
HPRegen  0.04/turn              (no ring)
MPRegen  0.09/turn              (no ring)

@: no status effects
A: no food or potions, fire vulnerability, cold resistance 1, negative energy
resistance 3, torment resistance, unbreathing
a: no special abilities


You were on level 1 of the Dungeon.
You were not hungry.

You visited 1 branch of the dungeon, and saw 1 of its levels.

You collected 37 gold pieces.

Inventory:

Armour
 a - a +0 robe (worn)
Scrolls
 b - a scroll of enchant weapon {!r, unknown}


   Skills:
 - Level 1.5 Dodging
 - Level 1.5 Stealth
 + Level 2.7 Spellcasting
 - Level 0.7 Conjurations
 * Level 2.7 Air Magic


You had 4 spell levels left.
You knew the following spells:

 Your Spells              Type           Power        Failure   Level  Hunger
a - Shock                 Conj/Air       #...         11%         1    N/A

Your spell library contained the following spells:

 Spells                   Type           Power        Failure   Level  Hunger
 Swiftness                Chrm/Air       #.......     19%         2    N/A
 Static Discharge         Conj/Air       #.......     32%         3    N/A
 Airstrike                Air            #.........   58%         4    N/A
 Lightning Bolt           Conj/Air       #.........   97%         5    N/A

Dungeon Overview and Level Annotations

Branches:
Dungeon (1/15)

Altars:


Innate Abilities, Weirdness & Mutations

You do not eat or drink.
Your flesh is vulnerable to fire.
You are immune to poison.
Your flesh is cold resistant. (rC+)
You are immune to negative energy. (rN+++)
You are immune to unholy pain and torment.
You can survive without breathing.


Message History

Training target 2.7 for Air Magic reached!
You need to enable at least one skill for training.
You start resting.
Your magical contamination has completely faded away.
A rat and an ooze come into view.
Casting: Shock (safe; 11% risk of failure)
Confirm with . or Enter, or press ? or * to list all spells.
Aiming: Shock (safe; 11% risk of failure)
Press: ? - help, Shift-Dir - straight line, f - rat
Aim: a rat The zap hits the rat.
The rat is heavily wounded.
The ooze quivers.
A kobold comes into view. It is wielding a vampiric dagger.
The kobold shouts!
A rat comes into view.
Found a scroll labeled KUOPNE HUACAE and a scroll labeled POMEHO VOAQAMM.
The kobold throws a stone.
The stone closely misses you.
The stone hits the ooze.
A kobold comes into view. It is wielding a club.
A hobgoblin comes into view.
The kobold throws a stone.
The stone closely misses you.
Things that are here:
a stone; 4 gold pieces The kobold throws a stone.
The stone hits you.
You see here a stone.
Casting: Shock (safe; 11% risk of failure)
Confirm with . or Enter, or press ? or * to list all spells.
Aiming: Shock (safe; 11% risk of failure)
Press: ? - help, Shift-Dir - straight line, f/p - rat
Aim: a rat (heavily wounded)
The zap hits the ooze.
The ooze is heavily wounded.
The zap hits the rat.
You kill the rat!
Casting: Shock (safe; 11% risk of failure)
Confirm with . or Enter, or press ? or * to list all spells.
You don't have enough magic to cast that spell.
Casting: Shock (safe; 11% risk of failure)
Confirm with . or Enter, or press ? or * to list all spells.
You don't have enough magic to cast that spell.
You barely miss the ooze.
The ooze is heavily wounded.
The kobold hits you with a vampiric dagger.
The rat closely misses you. The ooze hits you but does no damage.
You hit the ooze but do no damage.
The ooze is heavily wounded.
The kobold hits you with a vampiric dagger.
* * * LOW HITPOINT WARNING * * *
The rat barely misses you. The ooze completely misses you.
Casting: Shock (safe; 11% risk of failure)
Confirm with . or Enter, or press ? or * to list all spells.
Aiming: Shock (safe; 11% risk of failure)
Press: ? - help, Shift-Dir - straight line, f - ooze
Aim: an ooze (heavily wounded)
The zap hits the ooze.
The ooze is severely wounded.
The zap hits the ooze.
The ooze is almost dead.
The kobold misses you. The rat misses you. The ooze barely misses you.
You hit the ooze but do no damage.
The ooze is almost dead.
The kobold hits you with a vampiric dagger.
You die...

####### ....... .......
#########.
...?...###.........
.....KK@J..##.....
....g.r###.(..#
............### ..
.......#.##...# ###..
#......#? ###.# #..(
#....... #.######.###
#......######....##.....
#.............(.........
...#########.....##


You could see an ooze, a hobgoblin, 2 kobolds and a rat.

Vanquished Creatures
  A hobgoblin (D:1)
  3 bats (D:1)
  A frilled lizard (D:1)
  A rat (D:1)
6 creatures vanquished.

Notes
Turn   | Place    | Note
-------+----------+-------------------------------------------
     0 | D:1      | Amnesiac the Mummy Air Elementalist began the quest for the Orb.
     0 | D:1      | Reached XP level 1. HP: 13/13 MP: 4/4
   216 | D:1      | Slain by a kobold

Vault maps used:
D:1:      wheals_arrival_shading

Action                   || total
-------------------------++-------
Melee: Unarmed           ||     8
 Cast: Shock             ||    14
Armor: Robe              ||     7
Dodge: Dodged            ||    21

Table legend:
 A = Non-vault XP
 B = Vault XP
 C = Vault XP percentage of total XP
 D = Non-vault monster count
 E = Vault monster count
 F = Vault count percentage of total count
                 A         B        C        D         E       F
            +---------+---------+-------+---------+---------+-------
      Total |       7 |       0 |   0.0 |       6 |       0 |   0.0
            +---------+---------+-------+---------+---------+-------
        D:1 |       7 |       0 |   0.0 |       6 |       0 |   0.0
            +---------+---------+-------+---------+---------+-------
